 Dungeon Crawl Stone Soup version 0.28.0-47-ge53b351184 (webtiles) character file.

Game seed: 5004772997208378400

2018 Peloso the Carver (level 9, 0/75 HPs)
             Began as a Minotaur Fighter on Apr 29, 2022.
             Was a Follower of Okawaru.
             Slain by Crazy Yiuf
             ... wielding a +4 quarterstaff of chaos
              (11 damage)
             ... on level 2 of the Dungeon.
             The game lasted 00:09:38 (7210 turns).

Peloso the Carver (Minotaur Fighter)                Turns: 7210, Time: 00:09:39

Health: 0/75       AC: 13    Str: 22    XL:     9   Next: 3%
Magic:  8/8        EV:  7    Int:  5    God:    Okawaru [*.....]
Gold:   99         SH:  5    Dex: 13    Spells: 8/8 levels left

rFire   . . .      SeeInvis .   a - +0 long sword
rCold   . . .      Faith    .   c - +0 buckler
rNeg    . . .      Spirit   .   f - +0 plate armour
rPois   .          Reflect  .   (helmet restricted)
rElec   .          Harm     .   (no cloak)
rCorr   .          Rampage  .   (no gloves)
Will    .....                   (no boots)
Stlth   ..........              (no amulet)
HPRegen 0.22/turn               (no ring)
MPRegen 0.11/turn               (no ring)

@: lethally poisoned (0 -> -4)
A: horns 2, retaliatory headbutt
a: Renounce Religion, Heroism


You were on level 2 of the Dungeon.
You worshipped Okawaru.
Okawaru was aware of your devotion.
You visited 2 branches of the dungeon, and saw 7 of its levels.

You collected 221 gold pieces.
You spent 122 gold pieces at shops.

Inventory:

Hand Weapons
 a - a +0 long sword (weapon)
Armour
 b - a +0 scale mail
 c - a +0 buckler (worn)
 f - a +0 plate armour (worn)
Jewellery
 h - a ring of fire
 s - a +6 ring of strength
 t - a ring of protection from fire
Wands
 n - a wand of mindburst (9)
Scrolls
 e - 3 scrolls of identify
 j - 3 scrolls of teleportation
 l - 2 scrolls of enchant weapon
 o - 4 scrolls of noise
 p - a scroll of fog
 q - a scroll of magic mapping
 r - a scroll of fear
Potions
 d - a potion of might
 g - a potion of magic {unknown}
 i - 5 potions of curing
 k - a potion of haste
 m - 3 potions of brilliance


   Skills:
 + Level 6.2 Fighting
 + Level 10.0 Long Blades
 + Level 8.0 Armour
 + Level 1.2 Dodging
 + Level 0.3 Stealth
 + Level 6.1 Shields


You had 8 spell levels left.
You didn't know any spells.
Your spell library contained the following spells:

 Spells                   Type           Power      Damage    Failure   Level
 Sandblast                Erth           0%         2d4       100%        1
 Passwall                 Tmut/Erth      0%         N/A       100%        2
 Stone Arrow              Conj/Erth      0%         3d7       100%        3
 Borgnjor's Revivificati  Necr           0%         N/A       100%        8
 Necromutation            Tmut/Necr      0%         N/A       100%        8
 Death's Door             Necr           0%         N/A       100%        9


Dungeon Overview and Level Annotations

Branches:
Dungeon (6/15)             Temple (1/1) D:6

Altars:
Dithmenos
Fedhas
Gozag
Hepliaklqana
Kikubaaqudgha
Makhleb
Nemelex Xobeh
Okawaru
Qazlal
Ru
Trog
Uskayaw
Vehumet
Wu Jian
Xom
Yredelemnul
The Shining One

Shops:
D:5 ?   D:6 ?

Annotations:
D:2 Crazy Yiuf


Innate Abilities, Weirdness & Mutations

You have a pair of horns on your head.
You reflexively headbutt those who attack you in melee.


Message History

Where to? (Enter - D:2, ? - help)
There is a stone staircase leading up here.
You climb upwards.
There is a stone staircase leading down here.
There is a stone staircase leading up here.
You climb upwards.
There is a stone staircase leading down here.
There is a stone staircase leading up here.
You climb upwards.
Level annotation: 1 runed translucent door, Crazy Yiuf
There is a stone staircase leading down here.
There is an open door here.
Crazy Yiuf shouts!
You open the door. You hit Crazy Yiuf.
Crazy Yiuf is moderately wounded.
Crazy Yiuf hits you with a +4 quarterstaff of chaos!
You suddenly lose the ability to move!
Crazy Yiuf hits you with a +4 quarterstaff of chaos!
Crazy Yiuf burns you.
Crazy Yiuf hits you with a +4 quarterstaff of chaos!
You are electrocuted!
Crazy Yiuf hits you with a +4 quarterstaff of chaos! x2
* * * LOW HITPOINT WARNING * * *
You are poisoned.
You feel very sick.
Crazy Yiuf hits you with a +4 quarterstaff of chaos.
* * * LOW HITPOINT WARNING * * *
Crazy Yiuf freezes you.
* * * LOW HITPOINT WARNING * * *
You feel sick. Crazy Yiuf hits you but does no damage.
You feel sick.
Crazy Yiuf whimpers, "Seed childish King!"
Crazy Yiuf hits you but does no damage.
You can move again.
You barely miss Crazy Yiuf.
Crazy Yiuf is moderately wounded.
You feel sick.
Crazy Yiuf hits you with a +4 quarterstaff of chaos!
You die...

#.###
#....###...#
### ##.##
##..## #.#.#
##...#
♣..P.♣ ###.#
#....#
♣♣♣..♣ #.#
#....# ♣.♣♣
#.#######
#....# ♣♣.♣
###..†....#
##...# ♣.♣♣
#...#####.#
##### ♣♣.♣
#...# #.##
♣@♣♣ #.#.#
#... #g#
###.# #.##
...
###.#####.#
#...#
#.........#
#)..#
###########
##### ###
#.#


You could see Crazy Yiuf.

Vanquished Creatures
  Grinder (D:5)
  A steam dragon (D:6)
  A sky beast (D:6)
  An ogre (D:5)
  3 phantoms
  A kobold brigand (D:6)
  A gnoll sergeant (D:6)
  3 scorpions
  A wyvern zombie (D:6)
  3 water moccasin skeletons
  A water moccasin zombie (D:5)
  A howler monkey (D:6)
  A bullfrog zombie (D:5)
  A jelly (D:6)
  2 bullfrog skeletons
  4 hounds
  An orc priest (D:5)
  4 iguanas
  2 orc wizards (D:3)
  A scorpion zombie (D:5)
  A killer bee zombie (D:5)
  A hound skeleton (D:2)
  A howler monkey zombie (D:6)
  4 gnolls (D:6)
  6 adders
  A white imp (D:5)
  3 worms
  5 dart slugs
  11 orcs
  9 bats
  9 endoplasms
  3 giant cockroaches
  8 goblins
  8 hobgoblins
  9 kobolds
  2 quokkas
  6 ball pythons
  3 frilled lizards
  5 rats
129 creatures vanquished.

Vanquished Creatures (others)
  4 fungi (D:2)
4 creatures vanquished.

Grand Total: 133 creatures vanquished

Notes
Turn   | Place    | Note
-------+----------+-------------------------------------------
     0 | D:1      | Peloso the Minotaur Fighter began the quest for the Orb.
     0 | D:1      | Reached XP level 1. HP: 19/19 MP: 0/0
   168 | D:1      | Reached XP level 2. HP: 25/27 MP: 1/1
   191 | D:1      | Found a faded altar of an unknown god.
   534 | D:1      | Reached skill level 3 in Long Blades
   556 | D:1      | Reached XP level 3. HP: 28/33 MP: 2/2
  1375 | D:2      | Found a runed translucent door.
  1376 | D:2      | Noticed Crazy Yiuf
  1424 | D:2      | Reached XP level 4. HP: 37/40 MP: 3/3
  2203 | D:3      | Reached skill level 4 in Long Blades
  2396 | D:3      | Reached XP level 5. HP: 31/47 MP: 4/4
  2685 | D:3      | Reached skill level 5 in Armour
  3375 | D:4      | Reached XP level 6. HP: 52/53 MP: 5/5
  3659 | D:5      | Entered Level 5 of the Dungeon
  3733 | D:5      | Reached skill level 5 in Long Blades
  3952 | D:5      | Found Siluvik's Magic Scroll Boutique.
  3969 | D:5      | Bought a scroll of identify for 24 gold pieces
  3969 | D:5      | Bought a scroll of teleportation for 36 gold pieces
  3969 | D:5      | Bought a scroll of fog for 24 gold pieces
  4022 | D:5      | Reached skill level 6 in Long Blades
  4096 | D:5      | Reached XP level 7. HP: 56/60 MP: 6/6
  4233 | D:5      | Reached skill level 5 in Fighting
  4233 | D:5      | Reached skill level 5 in Shields
  4265 | D:5      | Noticed Grinder
  4275 | D:5      | Killed Grinder
  4276 | D:5      | Reached skill level 7 in Long Blades
  4786 | D:5      | Reached skill level 8 in Long Blades
  4786 | D:5      | Reached skill level 1 in Dodging
  4794 | D:5      | Reached XP level 8. HP: 47/69 MP: 7/7
  5526 | D:6      | Found a staircase to the Ecumenical Temple.
  5542 | Temple   | Entered the Ecumenical Temple
  5846 | Temple   | Became a worshipper of Warmaster Okawaru
  5901 | D:6      | Found Rofado's Magic Scroll Emporium.
  5914 | D:6      | Reached skill level 9 in Long Blades
  5942 | D:6      | Bought a scroll of magic mapping for 38 gold pieces
  6048 | D:6      | Reached * piety under Okawaru
  6332 | D:6      | Found a sparkling altar of Nemelex Xobeh.
  6799 | D:6      | Reached skill level 10 in Long Blades
  6807 | D:6      | Reached XP level 9. HP: 64/75 MP: 8/8
  7202 | D:2      | Paralysed by Crazy Yiuf for 7 turns
  7210 | D:2      | Slain by Crazy Yiuf

Illustrated notes

Levels and vault maps discovered:
D:1:      minmay_arrival_wavy_path, layout_loops_cross,
          chequers_ecumenical_altar_simple_redux
D:2:      layout_loops_corners, uniq_crazy_yiuf_cottage
D:3:      layout_basic
D:4:      layout_loops_cross, hangedman_decor_growths
D:5:      minmay_diamond_boxcup, layout_layer_cave, serial_shops, shop_scrolls,
          uniq_grinder
D:6:      layout_rooms, general_overflow_altar, minmay_temple_entry_wispy,
          serial_shops, nicolae_shop_advertising_works
          [nicolae_subvault_shop_adworks]
Temple:   mainiacjoe_temple_trianglar_array

Skill      XL: |  1  2  3  4  5  6  7  8  9 |
---------------+----------------------------+-----
Fighting       | 4 5 6 |  6.2
Armour         | 4 5 6 7 8 |  8.0
Shields        | 4 5 6 |  6.1
Long Blades    | 3 4 6 8 10 | 10.0
Dodging        | 1 |  1.2
Stealth        | |  0.3

Action                   |  1- 3 |  4- 6 |  7- 9 || total
-------------------------+-------+-------+-------++-------
Melee: Long sword        |   103 |   156 |   172 ||   431
       Headbutt          |    15 |    24 |    29 ||    68
  Use: Scroll            |       |     6 |     1 ||     7
Armor: Scale mail        |    16 |       |       ||    16
       Plate armour      |    58 |    95 |    86 ||   239
Dodge: Dodged            |    29 |    44 |    46 ||   119
Block: Buckler           |    24 |    40 |    39 ||   103
